 Dungeon Crawl Stone Soup version 0.17.1-2-g5865329 (webtiles) character file.

182 Iamburgie the Skirmisher (level 5, -1/50 HPs)
             Began as a Minotaur Fighter on Feb 14, 2016.
             Slain by an orc
             ... wielding a +0 war axe
              (4 damage)
             ... on level 3 of the Dungeon.
             The game lasted 00:03:31 (2072 turns).

Iamburgie the Skirmisher (Minotaur Fighter)         Turns: 2072, Time: 00:03:32

Health: -1/50      AC:  6    Str: 21    XL:     5   Next: 34%
Magic:  4/4        EV:  7    Int:  5    God:
Gold:   132        SH:  9    Dex: 10    Spells: 0 memorised, 4 levels left

rFire  . . .     SeeInvis .     a - +0 war axe
rCold  . . .     Clarity  .     b - +0 scale mail
rNeg   . . .     SustAt   .     c - +0 shield
rPois  .         Gourm    .     (helmet restricted)
rElec  .         Spirit   .     (no cloak)
rCorr  .         Warding  .     (no gloves)
rMut   .         Stasis   .     (no boots)
MR     .....                    (no amulet)
Stlth  ..........               (no ring)
                                (no ring)

@: not resistant to hostile enchantments, extremely unstealthy
A: retaliatory headbutt, horns 2
a: no special abilities


You were on level 3 of the Dungeon.
You were not hungry.

You visited 1 branch of the dungeon, and saw 3 of its levels.

You collected 132 gold pieces.

Inventory:

Hand Weapons
 a - a +0 war axe (weapon)
Armour
 b - a +0 scale mail (worn)
 c - a +0 shield (worn)
 l - an ice dragon hide
 o - a +2 cloak
Jewellery
 j - an uncursed ring of positive energy {unknown}
 m - an uncursed ring of wizardry {unknown}
Scrolls
 f - a scroll of remove curse {unknown}
 h - a scroll of recharging {unknown}
 k - 2 scrolls of teleportation {unknown}
 q - a scroll of identify {unknown}
Potions
 d - 2 potions of might
 g - a potion of curing {unknown}
 p - 3 potions of heal wounds {unknown}
Comestibles
 e - 4 bread rations
 i - a slice of pizza
 n - 14 chunks of flesh


   Skills:
 + Level 5.7 Fighting
 + Level 5.1 Axes
 - Level 3.6 Armour
 - Level 3.6 Shields


You had 4 spell levels left.
You didn't know any spells.

Dungeon Overview and Level Annotations

Branches:
Dungeon (3/15)

Altars:
Nemelex Xobeh


Innate Abilities, Weirdness & Mutations

You reflexively headbutt those who attack you in melee.
You have a pair of horns on your head.


Message History

The white imp hits you.
* * * LOW HITPOINT WARNING * * *
The white imp freezes you.
* * * LOW HITPOINT WARNING * * *
You block Natasha's attack. The orc hits you with a war axe.
* * * LOW HITPOINT WARNING * * *
Drink which item? (? for menu, Esc to quit)
Okay, then.
You slash Natasha!
You kill Natasha!
You feel Natasha's spirit has finally been put to rest.
You closely miss the orc. You closely miss the white imp.
The white imp is severely wounded.
The white imp disappears in a puff of smoke!
The crimson imp disappears in a puff of smoke!
The orc barely misses you. You furiously retaliate!
You headbutt the orc. You closely miss the orc. Your headbutt misses the orc.
The orc is heavily wounded.
The orc hits you with a war axe.
You die...

...... ### .....
... ###.... ..####
....... #.#..#
....... ##.#..#
....... ##.....##
......o###.......#
.(...§.@...#.#...#
.......§####.#
.... .......!#
##.# .##
........###..#...#
............##...#
<.#
.......####..#..##
#.. # ....%..
#......##.....
.......
#.##......#.
#####..........


You could see an orc.

Vanquished Creatures
  Terence (D:2)
  Natasha (thrice) (D:3)
  Robin (D:3)
  4 adders
  2 worms (D:2)
  3 giant geckos
  An orc (D:3)
  5 bats
  2 giant cockroaches
  17 goblins
  8 hobgoblins
  5 jackals (D:3)
  3 quokkas (D:2)
  2 giant newts
  6 kobolds
  6 rats
69 creatures vanquished.

Notes
Turn   | Place    | Note
--------------------------------------------------------------
     0 | D:1      | Iamburgie the Minotaur Fighter began the quest for the Orb.
     0 | D:1      | Reached XP level 1. HP: 19/19 MP: 0/0
   122 | D:1      | Reached skill level 4 in Fighting
   253 | D:1      | Reached XP level 2. HP: 27/27 MP: 1/1
   322 | D:1      | Found a sparkling altar of Nemelex Xobeh.
   905 | D:2      | Reached XP level 3. HP: 32/34 MP: 2/2
   915 | D:2      | Noticed Terence
   930 | D:2      | Killed Terence
   930 | D:2      | Reached XP level 4. HP: 9/41 MP: 3/3
  1240 | D:2      | Found a sparkling altar of Nemelex Xobeh.
  1350 | D:2      | Reached skill level 5 in Fighting
  1781 | D:3      | Noticed Robin
  1789 | D:3      | Noticed Natasha
  1869 | D:3      | Killed Robin
  1869 | D:3      | Killed Natasha
  1869 | D:3      | Reached XP level 5. HP: 32/49 MP: 4/4
  1872 | D:3      | Noticed Natasha
  1877 | D:3      | Killed Natasha
  1877 | D:3      | Reached skill level 5 in Axes
  2061 | D:3      | Noticed Natasha
  2070 | D:3      | HP: 2/50 [orc/war axe (2)]
  2071 | D:3      | Killed Natasha
  2072 | D:3      | Slain by an orc

Action                   |  1- 3 |  4- 6 || total
-------------------------+-------+-------++-------
Melee: War axe           |    69 |    76 ||   145
  Eat: Chunk             |       |     4 ||     4
